cohdb
Replays
Latest Replays
All Replays
Popular Replays
Top Player Replays
Match Explorer
How It Works
Community
CoH3 Stats
Reddit
Sign in to upload your games and track your stats! →
Sign in with Steam
Match 43210857
Unlisted
Match 43210857
Overview
Messages
Build Orders
End
Construct Barracks
Engineer Squad
Riflemen Squad
Riflemen Squad
Selects Advanced Infantry Battlegroup
Riflemen Squad
Infantry Support Center
Construct Weapon Support Center
Bazooka Squad
Selects Convert to Ranger Squad
Convert to Ranger Squad
Selects Artillery Observers
Construct Motor Pool
Selects Frontline Medical Station
M8 Greyhound Armored Car
Improved M9 Bazooka Rockets
Riflemen Squad
Convert to Ranger Squad
Leonardo180
ManFrau
boboCATs
boboFISHs
Butcher
Ryan
Iraklius of Kolchis
FreeTheCats
0
0
Comments
sign in to comment!
No comments posted yet!